AoeStats
← VIT Liereyy

Arabian Desert

508864296Analyzed
1v1 RM · 8d ago on Sep 24, 2026· 21m 19s· 2 players
Game mode
Random Map
Map size
Tiny (2 player)
Population
200
Speed
Normal
Resources
Standard
Victory
Conquest
Starting age
Dark Age
Ending age
Imperial Age
RankedLock teamsTeams togetherTeam positionsShared explorationLock speedFull tech treeHidden civsTurbo modeCheats
Victory
Defeat
🇦🇹 Varangians · Austria
2895
+6
🇷🇺 Chinese · Russia
2642
-6
VIT Liereyy
6:39 Loom
8:49 Feudal Age
8:52 Man-at-Arms
9:24 Double-Bit Axe
11:28 Arson
20:47 Castle Age
19:03 Fletching
19:04 Horse Collar
21:28 Bodkin Arrow
SalzZ_wide
0:25 Loom
9:04 Feudal Age
9:49 Double-Bit Axe
11:22 Double-Bit Axe
13:39 Town Watch
22:45 Castle Age
21:22 Horse Collar
Connection lost

Rejoining the realm…

Still unreachable

The connection could not be restored.

Session expired

The server has moved on; the page needs a fresh start.